[Event "Titled Tuesday Blitz March 01 Late 2022"]
[White "P., Komal Kishore"]
[Black "Balint, Vilmos"]
[WhiteFideId "5016703"]
[BlackFideId "718050"]
[WhiteElo "2081"]
[BlackElo "2059"]
[Result "0-1"]
[Round "03"]
[TimeControl "180+1"]
[Date "2022.03.02"]
[WhiteClock "0:00:12"]
[BlackClock "0:01:07"]

1. e4 e5 2. Nf3 Nc6 3. Bb5 Nf6 4. O-O Bc5 5. c3 O-O 6. d4 Bb6 7. Bg5 h6 8. Bh4 d6 9. dxe5 dxe5 10. Qxd8 Rxd8 11. Bxf6 gxf6 12. Bxc6 bxc6 13. Nbd2 Ba6 14. Rfe1 Rd3 15. Nf1 Rad8 16. Nh4 Bc4 17. Nf5 Kh7 18. g4 h5 19. h3 Rxh3 20. N1e3 Be6 21. gxh5 Rd2 22. Kg2 Rxh5 23. Rh1 Rxh1 24. Rxh1+ Kg6 25. Ne7+ Kg5 26. Kf3 Bxe3 27. Kxe3 Rxb2 28. Rg1+ Kh4 29. Rh1+ Kg4 30. Rg1+ Kh3 31. Rg3+ Kh4 32. a4 Rc2 33. Kd3 Rxf2 34. Rg8 Rf3+ 35. Kc2 Re3 36. Nxc6 Rxe4 37. Nxa7 Rxa4 38. Nb5 Ra2+ 39. Kd3 f5 40. Nxc7 f4 41. Ke4 Re2+ 42. Kd3 Re3+ 43. Kd2 Bc4 44. Ne8 Re2+ 45. Kd1 f3 46. Nf6 f2 0-1


[Site "https://www.chess.com"]

[Event "Titled Tuesday Blitz March 01 Late 2022"]
[White "Petrova, Irina"]
[Black "Migot, Tangi"]
[WhiteFideId "14124122"]
[BlackFideId "662445"]
[WhiteElo "1988"]
[BlackElo "2511"]
[Result "1-0"]
[Round "03"]
[TimeControl "180+1"]
[Date "2022.03.02"]
[WhiteClock "0:00:32"]
[BlackClock "0:00:04"]

1. e4 e5 2. Nf3 d6 3. c4 Nf6 4. Nc3 Bg4 5. Be2 Nc6 6. O-O Be7 7. d3 O-O 8. Be3 Nd7 9. Nd5 Bxf3 10. Bxf3 Nc5 11. Be2 Ne6 12. f4 exf4 13. Nxf4 Nxf4 14. Bxf4 Bf6 15. Qd2 Be5 16. Be3 Nd4 17. Rae1 c5 18. Bd1 Qh4 19. g3 Qe7 20. Kg2 b6 21. Bg4 g6 22. Bxd4 Bxd4 23. Qe2 Qe5 24. b3 Rae8 25. Bd7 Re7 26. Bc6 f5 27. Bd5+ Kg7 28. Qf3 Rf6 29. Qd1 fxe4 30. dxe4 Qg5 31. Rxf6 Bxf6 32. Rf1 Qe5 33. Qf3 Re8 34. Rf2 Rf8 35. Qg4 Qe7 36. Qe6 Qxe6 37. Bxe6 Re8 38. Bd5 h5 39. h4 Rf8 40. Rf3 Re8 41. Rf1 Re5 42. Rf3 g5 43. hxg5 Rxg5 44. Rf5 Rxf5 45. exf5 h4 46. gxh4 Bxh4 47. Kf3 Kf6 48. Ke4 Bg3 49. Be6 Be5 50. Kd5 Bc3 51. Kc6 Ke5 52. Kb7 Ba5 53. Kxa7 Kf6 54. Kb7 Ke5 55. Kc6 Kf6 56. a3 Ke5 57. Kb5 Kf6 58. b4 cxb4 59. axb4 1-0


[Site "https://www.chess.com"]

[Event "Titled Tuesday Blitz March 01 Late 2022"]
[White "Petrovic, Aleksa"]
[Black "Daggupati, Balaji"]
[WhiteFideId "967629"]
[BlackFideId "2090759"]
[WhiteElo "2139"]
[BlackElo "2737"]
[Result "0-1"]
[Round "03"]
[TimeControl "180+1"]
[Date "2022.03.02"]
[WhiteClock "0:00:03"]
[BlackClock "0:00:39"]

1. Nf3 d5 2. g3 Bg4 3. Bg2 c6 4. h3 Bxf3 5. Bxf3 Nd7 6. c4 dxc4 7. Qc2 Ngf6 8. Qxc4 Ne5 9. Qb3 Nxf3+ 10. Qxf3 e5 11. Qb3 Bc5 12. Qxb7 O-O 13. O-O Qd6 14. Nc3 e4 15. Kg2 h5 16. Rd1 h4 17. d4 exd3 18. Rxd3 Qe6 19. Be3 Ne4 20. Nxe4 Qxe4+ 21. f3 Qe5 22. Bxc5 Qxe2+ 23. Bf2 hxg3 24. Kxg3 Qxd3 25. Qxc6 Rac8 26. Qe4 Qd6+ 27. Qf4 Qxf4+ 28. Kxf4 Rc4+ 29. Kg3 Rd8 30. Bxa7 Rc2 31. b4 Ra8 32. Be3 Ra3 33. Kf4 Rc4+ 0-1


[Site "https://www.chess.com"]

[Event "Titled Tuesday Blitz March 01 Late 2022"]
[White "Piesik, Piotr"]
[Black "Albornoz Cabrera, Carlos Daniel"]
[WhiteFideId "1136194"]
[BlackFideId "3518736"]
[WhiteElo "2232"]
[BlackElo "2490"]
[Result "1-0"]
[Round "03"]
[TimeControl "180+1"]
[Date "2022.03.01"]
[WhiteClock "0:01:32"]
[BlackClock "0:00:59"]

1. Nf3 d5 2. g3 Nf6 3. Bg2 Bg4 4. O-O Bxf3 5. Bxf3 Nbd7 6. d3 e6 7. Nd2 h5 8. h4 c6 9. e4 Qc7 10. Qe2 Bc5 11. Kg2 Ne5 12. Nb3 Bd6 13. c4 dxc4 14. dxc4 c5 15. Bg5 Nfg4 16. Rad1 f6 17. Bd2 O-O-O 18. Ba5 b6 19. Bc3 g5 20. hxg5 fxg5 21. Bxg4 hxg4 22. Bxe5 Bxe5 23. Qxg4 Rde8 24. Rh1 Rhf8 25. Rh6 Bxb2 26. Rxe6 Kb8 27. Rxe8+ Rxe8 28. Qxg5 Be5 29. Rd5 a5 30. Nd2 Bd4 31. Nf3 Bg7 32. e5 Qf7 33. Qg4 Re7 34. Rd8+ Ka7 35. Qc8 1-0


[Site "https://www.chess.com"]

[Event "Titled Tuesday Blitz March 01 Late 2022"]
[White "Proleiko, Julian"]
[Black "Ashiev, Eduard"]
[WhiteFideId "30900255"]
[BlackFideId "4130090"]
[WhiteElo "2116"]
[BlackElo "2004"]
[Result "0-1"]
[Round "03"]
[TimeControl "180+1"]
[Date "2022.03.02"]
[WhiteClock "0:01:16"]
[BlackClock "0:00:07"]

1. e4 e5 2. Nf3 Nc6 3. Bb5 Nge7 4. Nc3 d6 5. d4 Bd7 6. dxe5 dxe5 7. Bg5 h6 8. Bh4 g5 9. Bg3 Bg7 10. Nd5 Ng6 11. Bxc6 bxc6 12. Ne3 Be6 13. Qxd8+ Rxd8 14. Nf5 Bxf5 15. exf5 Nf4 16. Bxf4 exf4 17. c3 Rd5 18. g4 fxg3 19. fxg3 Rxf5 20. O-O O-O 21. Nd4 Rxf1+ 22. Rxf1 Bxd4+ 23. cxd4 Kg7 24. Rc1 Rd8 25. Rc4 c5 26. Rxc5 Rxd4 27. Rxc7 Rd1+ 28. Kg2 Rd2+ 29. Kf3 Rxb2 30. Rxa7 Rxh2 31. Kg4 Kg6 32. Ra6+ f6 33. a4 h5+ 34. Kf3 Ra2 35. Ra8 Ra3+ 36. Kf2 Kf5 37. Ra6 Ra2+ 38. Kf3 Ra3+ 39. Kf2 Kg4 40. a5 f5 41. Ra8 Ra2+ 42. Ke3 Kxg3 43. Rg8 g4 44. Ra8 h4 45. a6 h3 46. Rf8 Rxa6 47. Rxf5 Ra3+ 48. Ke2 Ra2+ 49. Kf1 Ra1+ 50. Ke2 h2 0-1


[Site "https://www.chess.com"]

[Event "Titled Tuesday Blitz March 01 Late 2022"]
[White "Quesada Perez, Yuniesky"]
[Black "Gareyev, Timur"]
[WhiteFideId "3504409"]
[BlackFideId "14200937"]
[WhiteElo "2622"]
[BlackElo "2586"]
[Result "0-1"]
[Round "03"]
[TimeControl "180+1"]
[Date "2022.03.01"]
[WhiteClock "0:00:01"]
[BlackClock "0:00:09"]

1. e4 g6 2. d4 d6 3. Nc3 a6 4. Be3 Nd7 5. h4 Ngf6 6. f3 b5 7. Qd2 Bb7 8. g4 h6 9. Nh3 e5 10. g5 hxg5 11. Nxg5 Bg7 12. O-O-O Qe7 13. Kb1 b4 14. Ne2 a5 15. Ng3 exd4 16. Bxd4 c5 17. Bf2 d5 18. e5 Nxe5 19. Re1 O-O-O 20. Qe2 Rhe8 21. Qb5 Qc7 22. Bxc5 Ned7 23. Bf2 Rxe1+ 24. Bxe1 Qe5 25. Bh3 Ne4 26. c3 Nxg3 27. Bxg3 Qxg3 28. Nxf7 Qxf3 29. Nd6+ Kc7 30. Rg1 Kxd6 31. Qxb7 Qe4+ 32. Ka1 bxc3 33. Qa6+ Ke7 0-1


[Site "https://www.chess.com"]

[Event "Titled Tuesday Blitz March 01 Late 2022"]
[White "Rabineau, Clement"]
[Black "Goryachkina, Aleksandra"]
[WhiteFideId "628891"]
[BlackFideId "4147103"]
[WhiteElo "2237"]
[BlackElo "2426"]
[Result "1-0"]
[Round "03"]
[TimeControl "180+1"]
[Date "2022.03.02"]
[WhiteClock "0:00:02"]
[BlackClock "0:00:05"]

1. e4 c5 2. c3 Nf6 3. e5 Nd5 4. Bc4 Nb6 5. Bb3 d5 6. exd6 Qxd6 7. Nf3 Nc6 8. d4 cxd4 9. cxd4 Be6 10. O-O Bxb3 11. Qxb3 e6 12. Nc3 Be7 13. a4 Qb4 14. Qxb4 Bxb4 15. Be3 O-O 16. Rfd1 Rfd8 17. Ne5 Rac8 18. Nxc6 Rxc6 19. a5 Nd5 20. a6 bxa6 21. Nxd5 exd5 22. Kf1 f6 23. Ke2 a5 24. Kd3 Rb8 25. Rdc1 Rbb6 26. Rxc6 Rxc6 27. Bd2 Rc4 28. b3 Rc7 29. Bxb4 axb4 30. Kd2 Kf7 31. g4 Kg6 32. h4 h5 33. f3 Re7 34. gxh5+ Kxh5 35. Ra5 Kxh4 36. Rxd5 Kg3 37. Rf5 a5 38. d5 Rc7 39. Kd3 a4 40. bxa4 b3 41. d6 Rb7 42. Rb5 Rd7 43. Rxb3 Rxd6+ 44. Ke4 Ra6 45. Ra3 Ra5 46. f4+ Kg4 47. f5 Re5+ 48. Kd4 Kxf5 49. a5 Re8 50. a6 g5 51. Ra5+ Kf4 52. Ra1 g4 53. Rf1+ Kg5 54. a7 f5 55. Rb1 Ra8 56. Ra1 g3 57. Ke3 Kg4 58. Ra6 Re8+ 59. Kd2 Kf3 60. Ra3+ Kf2 61. a8=Q Rxa8 62. Rxa8 g2 63. Rg8 f4 64. Kd3 f3 65. Ke4 Ke2 66. Rg3 1-0


[Site "https://www.chess.com"]

[Event "Titled Tuesday Blitz March 01 Late 2022"]
[White "Redzisz, Michal"]
[Black "Chernomordik, Pavel"]
[WhiteFideId "21816107"]
[BlackFideId "2804530"]
[WhiteElo "1961"]
[BlackElo "2249"]
[Result "1-0"]
[Round "03"]
[TimeControl "180+1"]
[Date "2022.03.02"]
[WhiteClock "0:00:14"]
[BlackClock "0:00:58"]

1. Nf3 g6 2. d4 Bg7 3. b3 d6 4. Bb2 Nf6 5. Nbd2 O-O 6. e4 c5 7. Bd3 cxd4 8. Nxd4 Nc6 9. Nxc6 bxc6 10. O-O Qb6 11. e5 Ng4 12. Nc4 Qd8 13. exd6 exd6 14. Bxg7 Kxg7 15. Be2 Nf6 16. Qxd6 Bf5 17. Qxd8 Raxd8 18. Ne3 Be4 19. Rfd1 Nd5 20. Nxd5 cxd5 21. Bd3 Rc8 22. Rac1 Rc7 23. c4 Bxd3 24. Rxd3 dxc4 25. bxc4 Rfc8 26. Rdc3 Rc5 27. Kf1 Kf6 28. Ke2 Ke5 29. Ke3 g5 30. f3 f5 31. g3 f4+ 32. gxf4+ gxf4+ 33. Kd3 Rd8+ 34. Ke2 Rd4 35. Re1 Rdxc4 36. Rxc4 Rxc4 37. Kd3+ Kd5 38. Re5+ Kxe5 39. Kxc4 a6 40. a4 a5 41. Kc5 h6 42. Kc4 h5 43. h4 Kd6 44. Kd4 Kc6 45. Ke4 Kc5 46. Kxf4 Kb4 47. Kg5 Kxa4 48. f4 Kb3 49. f5 a4 50. f6 a3 51. f7 a2 52. f8=Q a1=Q 53. Qb8+ Kc4 54. Qc7+ Kd5 55. Qf7+ Ke4 56. Qf4+ Kd3 57. Qf3+ Kc4 58. Qf7+ Kd3 59. Qd5+ Ke3 60. Qe6+ Kf2 61. Qf6+ Kg2 62. Qxa1 1-0


[Site "https://www.chess.com"]

[Event "Titled Tuesday Blitz March 01 Late 2022"]
[White "Renjith, Sravan"]
[Black "Beerdsen, Thomas"]
[WhiteFideId "4306783"]
[BlackFideId "1030108"]
[WhiteElo "1863"]
[BlackElo "2585"]
[Result "0-1"]
[Round "03"]
[TimeControl "180+1"]
[Date "2022.03.01"]
[WhiteClock "0:00:01"]
[BlackClock "0:00:17"]

1. Nf3 h6 2. e4 g5 3. d4 Bg7 4. Nc3 g4 5. Ne5 h5 6. Bf4 d6 7. Nc4 a6 8. a4 e6 9. Be2 Ne7 10. Qd2 Nbc6 11. d5 Nd4 12. Be3 c5 13. a5 exd5 14. Nxd5 Nxd5 15. exd5 Bf5 16. Bd3 Bxd3 17. Qxd3 Qe7 18. O-O O-O-O 19. Rfe1 Qf6 20. c3 Nb5 21. Qd2 Qg6 22. Bf4 Rhe8 23. Re3 Re4 24. Nb6+ Kb8 25. Bg3 Rxe3 26. Qxe3 Bf6 27. Qxc5 h4 28. Bf4 h3 29. Qe3 hxg2 30. Re1 Qf5 31. Bg3 Bg5 32. Qe4 Qf3 33. Nc4 Ka7 34. Nb6 Bd2 35. Re2 Bc1 36. Re1 Bxb2 37. c4 Nd4 38. Qxf3 Nxf3+ 39. Kxg2 Nxe1+ 0-1


[Site "https://www.chess.com"]

[Event "Titled Tuesday Blitz March 01 Late 2022"]
[White "Ribeiro, Matheus Mendes Domingues"]
[Black "Dronavalli, Harika"]
[WhiteFideId "324226923"]
[BlackFideId "5015197"]
[WhiteElo "1886"]
[BlackElo "2382"]
[Result "0-1"]
[Round "03"]
[TimeControl "180+1"]
[Date "2022.03.02"]
[WhiteClock "0:00:05"]
[BlackClock "0:00:32"]

1. c4 e5 2. Nc3 d6 3. Nf3 f5 4. g3 Nf6 5. Bg2 g6 6. O-O Bg7 7. d4 e4 8. Nd2 c6 9. d5 O-O 10. f3 exf3 11. exf3 Nbd7 12. Nb3 c5 13. Re1 Ne5 14. Nxc5 dxc5 15. Rxe5 Ng4 16. Re1 Bd4+ 17. Kf1 Nxh2+ 18. Ke2 Re8+ 19. Kd3 f4 20. Bxf4 Bf5+ 21. Kd2 g5 22. Be3 Qf6 23. Ne4 Bxe3+ 24. Rxe3 Bxe4 25. Rxe4 Rxe4 26. fxe4 Qxb2+ 27. Kd3 Rf8 28. Bh3 Qd4+ 29. Kc2 Rf2+ 30. Kb3 Rb2+ 31. Ka3 Qc3+ 32. Ka4 Qb4# 0-1


[Site "https://www.chess.com"]

[Event "Titled Tuesday Blitz March 01 Late 2022"]
[White "Riehle, Marco"]
[Black "Desideri, Ricardo Maruchi"]
[WhiteFideId "12904392"]
[BlackFideId "2110440"]
[WhiteElo "2462"]
[BlackElo "1945"]
[Result "1-0"]
[Round "03"]
[TimeControl "180+1"]
[Date "2022.03.02"]
[WhiteClock "0:02:00"]
[BlackClock "0:00:02"]

1. e4 c5 2. a3 g6 3. h4 h5 4. Nc3 Bg7 5. Bc4 e6 6. d3 a6 7. Bg5 Qc7 8. Nge2 Nc6 9. Qd2 Nge7 10. O-O-O b5 11. Bb3 Na5 12. Ba2 Nec6 13. Nd5 exd5 14. exd5 Nd4 15. Nxd4 Bxd4 16. Rde1+ Kf8 17. d6 Qxd6 18. Be7+ Qxe7 19. Rxe7 Kxe7 20. Re1+ Kf8 21. Qxa5 Bb7 22. Qc7 Bc6 23. Qd6+ Kg7 24. Re7 Rhf8 25. g3 Bf6 26. Re1 Bd4 27. Re7 Rae8 28. Rxe8 Rxe8 29. Bd5 Bxd5 30. Qxd5 Re7 31. f4 Kf8 32. b4 Be3+ 33. Kb1 Bd4 34. c3 Bxc3 35. Qxc5 Bf6 36. Qc8+ Kg7 37. Qxa6 Re1+ 38. Kc2 Ra1 39. Qxb5 Rxa3 40. Qxd7 Ra2+ 41. Kb3 Rb2+ 42. Kc4 Rc2+ 43. Kd5 Rd2 44. Ke4 Re2+ 45. Kf3 1-0


[Site "https://www.chess.com"]

[Event "Titled Tuesday Blitz March 01 Late 2022"]
[White "Roque Sola, Jose Luis"]
[Black "Martins, Carlos"]
[WhiteFideId "5120390"]
[BlackFideId "2101688"]
[WhiteElo "1983"]
[BlackElo "2183"]
[Result "1/2-1/2"]
[Round "03"]
[TimeControl "180+1"]
[Date "2022.03.02"]
[WhiteClock "0:00:15"]
[BlackClock "0:00:17"]

1. c4 f5 2. Nc3 Nf6 3. Nf3 d6 4. g3 e5 5. d3 g6 6. Bg2 Bg7 7. O-O O-O 8. Rb1 a5 9. a3 Nc6 10. b4 axb4 11. axb4 Ne7 12. Bg5 h6 13. Bxf6 Rxf6 14. Nd2 Rb8 15. Qb3 Kh7 16. Nd5 Rf8 17. Ra1 c6 18. Nxe7 Qxe7 19. Ra7 Qf6 20. b5 c5 21. b6 g5 22. Qc3 Qd8 23. Qb3 g4 24. Qb1 Kh8 25. Rc1 Qg5 26. Rc2 h5 27. Nb3 f4 28. Qc1 Bh6 29. Na5 fxg3 30. Qxg5 gxh2+ 31. Kxh2 Bxg5 32. e3 Bh4 33. Nxb7 Bxb7 34. Bxb7 Bxf2 35. Rb2 Bxe3 36. Be4 h4 37. Rh7+ Kg8 38. Rxh4 Bf4+ 39. Kg2 g3 40. Rh7 Rf7 41. Rxf7 Kxf7 42. b7 Ke7 43. Ra2 Kd7 44. Ra8 Kc7 45. Rxb8 Kxb8 46. Bd5 Kc7 47. Be4 Kb8 48. Bd5 Kc7 49. Be4 Kb8 1/2-1/2


[Site "https://www.chess.com"]

[Event "Titled Tuesday Blitz March 01 Late 2022"]
[White "Rorrer, Grayson"]
[Black "Przybylski, Wojciech"]
[WhiteFideId "30944996"]
[BlackFideId "1117599"]
[WhiteElo "2122"]
[BlackElo "2133"]
[Result "1-0"]
[Round "03"]
[TimeControl "180+1"]
[Date "2022.03.02"]
[WhiteClock "0:00:05"]
[BlackClock "0:00:04"]

1. e4 e5 2. Nc3 Nf6 3. d4 d6 4. Nf3 exd4 5. Qxd4 Nc6 6. Qd3 Be7 7. Bf4 O-O 8. O-O-O Ng4 9. Qd2 Nge5 10. Be2 Re8 11. Kb1 Be6 12. Nd5 Bf8 13. h4 Nxf3 14. Bxf3 Ne5 15. Be2 c6 16. Ne3 Qc7 17. h5 Rad8 18. g4 b5 19. Bg3 Qb6 20. f4 Nc4 21. Nxc4 Bxc4 22. Bd3 Qd4 23. Bf2 Qf6 24. Bh4 Qe6 25. Bxd8 Rxd8 26. g5 Bxa2+ 27. Ka1 Bc4 28. g6 h6 29. Qc3 Bxd3 30. cxd3 d5 31. f5 Qd7 32. f6 d4 33. Qd2 fxg6 34. hxg6 c5 35. f7+ Kh8 36. Qf4 Qe6 37. Qf5 Rd6 38. Rhg1 Ra6+ 39. Kb1 Qa2+ 40. Kc2 c4 41. Kd2 Qxb2+ 42. Ke1 Bb4+ 43. Kf1 Bf8 44. Qc8 Qb4 45. Qxa6 Qe7 46. Qxb5 c3 47. Rg2 c2 48. Rxc2 Qg5 49. Qxg5 hxg5 50. Rh2# 1-0


[Site "https://www.chess.com"]

[Event "Titled Tuesday Blitz March 01 Late 2022"]
[White "Rosen, Eric"]
[Black "Stankovic, Ivan G"]
[WhiteFideId "2032562"]
[BlackFideId "902837"]
[WhiteElo "2362"]
[BlackElo "2195"]
[Result "1-0"]
[Round "03"]
[TimeControl "180+1"]
[Date "2022.03.02"]
[WhiteClock "0:02:18"]
[BlackClock "0:01:59"]

1. d4 d5 2. Bf4 Nf6 3. e3 c5 4. Nf3 Nc6 5. Nbd2 Qb6 6. dxc5 Qxb2 7. c4 Bg4 8. Rb1 Qxa2 9. Rxb7 e5 10. cxd5 Qxd5 11. Bc4 Qxc5 12. Bxf7+ Kd8 13. Ne4+ Qd5 14. Bxd5 1-0


[Site "https://www.chess.com"]

[Event "Titled Tuesday Blitz March 01 Late 2022"]
[White "Rudykh, Stepan"]
[Black "Medeiros Jr, Francisco De Assis"]
[WhiteFideId "4180321"]
[BlackFideId "2114267"]
[WhiteElo "2115"]
[BlackElo "1998"]
[Result "0-1"]
[Round "03"]
[TimeControl "180+1"]
[Date "2022.03.02"]
[WhiteClock "0:00:45"]
[BlackClock "0:00:15"]

1. e4 c6 2. d4 d5 3. Nc3 dxe4 4. Nxe4 Nf6 5. Nxf6+ exf6 6. c3 Bd6 7. Bd3 O-O 8. Qc2 Re8+ 9. Ne2 h5 10. h3 Nd7 11. Bh7+ Kh8 12. Be4 Nf8 13. Be3 g6 14. O-O f5 15. Bf3 Nh7 16. c4 Ng5 17. Bxg5 Qxg5 18. c5 Bc7 19. d5 cxd5 20. Bxd5 f4 21. Bxf7 Re7 22. Qc4 f3 23. Ng3 Bxh3 24. Qc3+ Be5 25. Qxf3 Bg4 26. Qd5 Rf8 27. f4 Bxf4 28. Qxg5 Bxg5 29. Bxg6 Rg8 30. Bxh5 Be3+ 31. Kh2 Rh7 32. Rf7 Rh6 33. Re1 Bxh5 34. Rxe3 Bxf7+ 35. Kg1 Rhg6 36. Kf2 Rxg3 37. Rxg3 Rxg3 38. Kxg3 Bxa2 39. b4 Bd5 40. Kf4 a6 41. g4 Kg7 42. Ke5 Bc6 43. Kf4 Kg6 44. Ke5 Kg5 0-1


[Site "https://www.chess.com"]

[Event "Titled Tuesday Blitz March 01 Late 2022"]
[White "Ruiz Aguilar, Pablo Alexander"]
[Black "Tanenbaum, Zachary"]
[WhiteFideId "4401352"]
[BlackFideId "2060850"]
[WhiteElo "2125"]
[BlackElo "2168"]
[Result "0-1"]
[Round "03"]
[TimeControl "180+1"]
[Date "2022.03.02"]
[WhiteClock "0:00:01"]
[BlackClock "0:00:10"]

1. e4 e5 2. Nf3 Nc6 3. Bb5 a6 4. Ba4 d6 5. O-O Nf6 6. d3 b5 7. Bb3 Na5 8. c3 Nxb3 9. axb3 Be7 10. b4 O-O 11. Re1 Bb7 12. Nbd2 Nd7 13. Nf1 f5 14. exf5 Rxf5 15. N3d2 Qe8 16. Ng3 Qg6 17. Nde4 Rf7 18. Qh5 Qxh5 19. Nxh5 Raf8 20. f3 d5 21. Nf2 c5 22. Ng4 cxb4 23. Nxe5 Nxe5 24. Rxe5 bxc3 25. bxc3 g6 26. Bg5 Bd6 27. Re6 Bb8 28. Nf6+ Kg7 29. Ng4 Bf4 30. Bxf4 Rxf4 31. Re7+ R4f7 32. Rae1 a5 33. Rxf7+ Rxf7 34. Ne5 Rc7 35. Ra1 a4 36. Ra3 d4 37. cxd4 Bd5 38. Kf2 Bb3 39. d5 Rc5 40. d4 Rxd5 41. Ke3 b4 42. Ra1 Bc2 43. Nc6 Rb5 44. d5 b3 45. d6 Rd5 46. Rxa4 b2 47. Ra7+ Kh6 48. Rb7 b1=Q 49. Rxb1 Bxb1 50. Ne7 Rxd6 0-1


[Site "https://www.chess.com"]

[Event "Titled Tuesday Blitz March 01 Late 2022"]
[White "Sadhwani, Raunak"]
[Black "Li, Ben"]
[WhiteFideId "35093487"]
[BlackFideId "2089980"]
[WhiteElo "2616"]
[BlackElo "2267"]
[Result "1-0"]
[Round "03"]
[TimeControl "180+1"]
[Date "2022.03.01"]
[WhiteClock "0:00:30"]
[BlackClock "0:00:05"]

1. d4 d5 2. Nf3 Nf6 3. Bf4 c5 4. e3 Nc6 5. Nbd2 e6 6. c3 Bd6 7. Bg3 O-O 8. Bd3 b6 9. e4 Be7 10. e5 Nh5 11. Ng5 Bxg5 12. Qxh5 g6 13. Qe2 cxd4 14. h4 Bh6 15. h5 dxc3 16. bxc3 Bg7 17. Nf3 Bd7 18. Qe3 d4 19. cxd4 Nb4 20. Be4 Bc6 21. h6 Bh8 22. O-O Bxe4 23. Qxe4 Nd5 24. Rac1 Qd7 25. Ng5 Rfe8 26. Qf3 f6 27. exf6 Bxf6 28. Ne4 Bh8 29. Be5 Rf8 30. Qb3 Rac8 31. g3 Rxc1 32. Rxc1 Rc8 33. Rc4 Rf8 34. Bxh8 Kxh8 35. Qa3 Qf7 36. Qd6 Kg8 37. Qe5 b5 38. Rc2 b4 39. Rc6 Nc3 40. Rc7 Ne2+ 41. Kh2 Nxd4 42. Rxf7 Nf3+ 43. Rxf3 1-0


[Site "https://www.chess.com"]

[Event "Titled Tuesday Blitz March 01 Late 2022"]
[White "Sadilek, Peter"]
[Black "Martin Barcelo, Carles"]
[WhiteFideId "1616439"]
[BlackFideId "24561444"]
[WhiteElo "2145"]
[BlackElo "1875"]
[Result "1-0"]
[Round "03"]
[TimeControl "180+1"]
[Date "2022.03.02"]
[WhiteClock "0:00:05"]
[BlackClock "0:00:03"]

1. d4 Nf6 2. c4 g6 3. Nc3 Bg7 4. e4 d6 5. Be2 O-O 6. Nf3 e5 7. d5 a5 8. Bg5 h6 9. Be3 Ng4 10. Bd2 f5 11. h3 Nf6 12. exf5 gxf5 13. Qc1 f4 14. g3 e4 15. Nh4 e3 16. fxe3 fxg3 17. Ng6 g2 18. Rg1 Bxh3 19. Nxf8 Qxf8 20. Qc2 Na6 21. O-O-O Nd7 22. Qg6 Ndc5 23. Qg3 Bf5 24. Qxg2 Nb4 25. e4 Nxa2+ 26. Nxa2 Bxe4 27. Qxg7+ Qxg7 28. Rxg7+ Kxg7 29. Rg1+ Kh7 30. Nc3 Bg6 31. Rg3 a4 32. Re3 a3 33. bxa3 Rxa3 34. Nb5 Ra1+ 35. Kb2 Rb1+ 36. Ka2 c6 37. dxc6 bxc6 38. Nxd6 Rb8 39. Re7+ Kg8 40. Ra7 h5 41. Bc3 h4 42. Rg7+ Kf8 43. Rxg6 h3 44. Bf3 h2 45. Rh6 Ra8+ 46. Kb2 Rb8+ 47. Kc2 Rd8 48. Rh8+ Ke7 49. Bf6+ 1-0


[Site "https://www.chess.com"]

[Event "Titled Tuesday Blitz March 01 Late 2022"]
[White "Saim, Mohamed Ilias"]
[Black "Peatman, Carter"]
[WhiteFideId "7900465"]
[BlackFideId "2096480"]
[WhiteElo "2006"]
[BlackElo "2285"]
[Result "0-1"]
[Round "03"]
[TimeControl "180+1"]
[Date "2022.03.02"]
[WhiteClock "0:00:14"]
[BlackClock "0:00:57"]

1. d4 d5 2. Nf3 Nf6 3. e3 Bf5 4. c4 c6 5. Nc3 e6 6. Be2 h6 7. O-O Nbd7 8. Bd2 Bd6 9. c5 Bc7 10. Qb3 b6 11. cxb6 axb6 12. Nh4 Bh7 13. f4 O-O 14. Nf3 c5 15. dxc5 bxc5 16. Nb5 Rb8 17. Qd1 Bb6 18. Rc1 Ne4 19. Be1 Ndf6 20. Ne5 Rc8 21. g4 Nd7 22. Nf3 Qe7 23. Bh4 f6 24. Nc3 g5 25. fxg5 hxg5 26. Bg3 Nxg3 27. hxg3 Qd6 28. Kg2 Ne5 29. Nxe5 Qxe5 30. Qd2 c4 31. Na4 Bxe3 32. Qc3 Bxc1 33. Qxc1 Qxe2+ 34. Rf2 Qe4+ 35. Kg1 Qxg4 36. Nb6 Rc7 37. Na4 Be4 38. Kh2 Rh7+ 39. Kg1 Rh1# 0-1


[Site "https://www.chess.com"]

[Event "Titled Tuesday Blitz March 01 Late 2022"]
[White "Sargsyan, Anna M."]
[Black "Osmonbekov, Talaibek"]
[WhiteFideId "13308130"]
[BlackFideId "2017253"]
[WhiteElo "2271"]
[BlackElo "2135"]
[Result "0-1"]
[Round "03"]
[TimeControl "180+1"]
[Date "2022.03.02"]
[WhiteClock "0:00:10"]
[BlackClock "0:00:12"]

1. d4 e6 2. c4 f5 3. Nc3 Bb4 4. Qb3 a5 5. a3 a4 6. Qxb4 Nc6 7. Qc5 d6 8. Qb5 Ra5 9. Qxa5 Nxa5 10. e3 Nb3 11. Rb1 Bd7 12. Nf3 Nf6 13. Bd3 O-O 14. O-O Qe7 15. Nd2 e5 16. Nxb3 axb3 17. dxe5 dxe5 18. e4 f4 19. f3 c6 20. Rd1 g5 21. h3 Be6 22. Kh2 h5 23. Bd2 g4 24. Be1 g3+ 25. Kh1 Nh7 26. Bf1 Qh4 27. Rd6 Ng5 28. Kg1 Nxf3+ 29. gxf3 Bxh3 30. Bxh3 Qxh3 31. Rd2 h4 32. Rbd1 Qe6 33. Rd6 Qxc4 34. Rh6 Qc5+ 35. Kg2 Kg7 36. Rxh4 b5 37. Rg4+ Kf6 38. Rd7 Rf7 39. Rd8 Rh7 40. Bxg3 fxg3 41. Rxg3 Qe3 42. f4 Qxf4 43. Rf8+ Ke6 44. Rxf4 exf4 45. Rg6+ Kd7 46. Kf3 Rh2 47. Rg2 Rh4 48. Ne2 c5 49. Nxf4 c4 50. Ke3 Kc6 51. Rg6+ Kc5 52. Rg5+ Kc6 53. Ne6 Rh2 54. Nd4+ Kd7 55. Rd5+ Ke7 56. Rxb5 Rxb2 57. a4 Ra2 58. a5 b2 59. e5 Ra3+ 60. Ke4 Rb3 61. Nxb3 b1=Q+ 62. Kd5 cxb3 63. a6 Qd3+ 64. Kc6 b2 65. a7 Qxb5+ 66. Kxb5 b1=Q+ 67. Ka6 Qe4 68. Kb6 Qa8 0-1


[Site "https://www.chess.com"]

[Event "Titled Tuesday Blitz March 01 Late 2022"]
[White "Scalzo, Antonio R"]
[Black "Glavina, Pablo"]
[WhiteFideId "2079674"]
[BlackFideId "100234"]
[WhiteElo "2295"]
[BlackElo "2369"]
[Result "1-0"]
[Round "03"]
[TimeControl "180+1"]
[Date "2022.03.02"]
[WhiteClock "0:00:21"]
[BlackClock "0:00:14"]

1. b4 e5 2. Bb2 Nc6 3. b5 Nce7 4. Bxe5 Ng6 5. Bb2 Nf6 6. e3 d5 7. Nf3 Bd6 8. c4 O-O 9. cxd5 Nxd5 10. a4 Be6 11. Be2 Nh4 12. Nc3 Nxg2+ 13. Kf1 Nxc3 14. Bxc3 Bh3 15. Qb3 Nxe3+ 16. Ke1 Ng2+ 17. Kd1 Nf4 18. Rg1 g6 19. Qc4 Be6 20. Qd4 Bb3+ 21. Ke1 f6 22. Bc4+ Bxc4 23. Qxc4+ Kg7 24. Kd1 Qd7 25. Kc2 c6 26. Nd4 cxb5 27. Nxb5 Rac8 28. Qe4 Rfe8 29. Qf3 Qf5+ 30. Kd1 Bc5 31. Rg4 Nd5 32. Qxf5 Nxc3+ 33. Nxc3 Rcd8 34. Qf3 Be7 35. Re4 f5 36. Re2 Bf6 37. Kc2 Rxe2 38. Qxe2 Rc8 39. Qe6 a6 40. Qxc8 b5 41. axb5 axb5 42. Qb7+ Kh6 43. Qxb5 Bg7 44. Qd7 Bf6 45. Ra7 Bg7 46. Qxg7+ Kg5 47. d4 Kf4 48. d5 g5 49. d6 Kf3 50. d7 Kg4 51. d8=Q f4 52. Qgxg5+ Kf3 53. Qd1+ Kxf2 54. Qgg1# 1-0


[Site "https://www.chess.com"]

[Event "Titled Tuesday Blitz March 01 Late 2022"]
[White "Seo, Jung Min"]
[Black "Romero Ruscalleda, Josep"]
[WhiteFideId "1734687"]
[BlackFideId "2231859"]
[WhiteElo "2401"]
[BlackElo "2321"]
[Result "1-0"]
[Round "03"]
[TimeControl "180+1"]
[Date "2022.03.01"]
[WhiteClock "0:01:42"]
[BlackClock "0:00:37"]

1. d4 g6 2. e4 Bg7 3. Nc3 d6 4. Be3 a6 5. Qd2 b5 6. h4 h5 7. Nh3 Nd7 8. Ng5 Bb7 9. f3 Rc8 10. a4 b4 11. Ne2 a5 12. c3 c5 13. Nf4 cxd4 14. cxd4 e6 15. Bb5 Qe7 16. O-O Nf6 17. Rac1 O-O 18. Qd3 e5 19. dxe5 dxe5 20. Nd5 Nxd5 21. exd5 Bh6 22. d6 Qd8 23. Rc7 Rxc7 24. dxc7 Qxc7 25. Qxd7 Qxd7 26. Bxd7 f6 27. Be6+ Kg7 28. Rc1 Ba8 29. Rc7+ 1-0


[Site "https://www.chess.com"]